 Dungeon Crawl Stone Soup version 0.30-a0-918-g0ff054e9dc (webtiles) character file.

Game seed: 16442723530566869983

21 lessens the Charlatan (level 3, -8/20 HPs)
             Began as a Kobold Artificer on Mar 20, 2023.
             Killed by nerve-wracking pain
             ... invoked by an orc priest
              (11 damage)
             ... on level 2 of the Dungeon.
             The game lasted 00:01:11 (1196 turns).

lessens the Charlatan (Kobold Artificer)            Turns: 1196, Time: 00:01:11

Health: -8/20      AC:  3    Str:  9    XL:     3   Next: 5%
Magic:  3/3        EV: 15    Int: 12    God:
Gold:   55         SH:  0    Dex: 23    Spells: 2/2 levels left

rFire   . . .      SeeInvis .    i - +0 dagger
rCold   . . .      Faith    .    (no shield)
rNeg    . . .      Spirit   .    b - +0 leather armour
rPois   .          Reflect  .    (no helmet)
rElec   .          Rampage  .    (no cloak)
rCorr   .                        (no gloves)
Will    .....                    (no boots)
Stlth   +++                      (no amulet)
HPRegen 0.23/turn                p - +6 ring of dexterity
MPRegen 0.08/turn                (no ring)

@: no status effects
A: small, no large weapons, nightstalker 3
a: no special abilities


You were on level 2 of the Dungeon.
You visited 1 branch of the dungeon, and saw 2 of its levels.

You collected 55 gold pieces.

Inventory:

Hand Weapons
 a - a +0 club
 i - a +0 dagger (weapon)
Missiles
 h - 4 stones
Armour
 b - a +0 leather armour (worn)
 f - a +2 pair of boots
Jewellery
 p - a +6 ring of dexterity (left hand)
Wands
 c - a wand of flame (15) (quivered)
 d - a wand of charming (15)
 e - a wand of iceblast (5)
Scrolls
 l - a scroll of blinking {unknown}
 o - a scroll of vulnerability {unknown}
 q - a scroll of immolation {unknown}
 r - 2 scrolls of identify {unknown}
 s - a scroll of fog {unknown}
Potions
 g - 2 potions of heal wounds {unknown}
 j - a potion of mutation {unknown}
 k - a potion of degeneration {unknown}
 m - 2 potions of curing {unknown}
 n - a potion of cancellation {unknown}


   Skills:
 - Level 1.1 Fighting
 + Level 3.2 Short Blades
 - Level 0.7 Armour
 - Level 2.4 Dodging
 - Level 1.3 Stealth
 - Level 3.6 Evocations


You had 2 spell levels left.
You didn't know any spells.
Your spell library was empty.

Dungeon Overview and Level Annotations

Branches:
Dungeon (2/15) Zot: 10804

Altars:


Innate Abilities, Weirdness & Mutations

You are small and have problems with some larger weapons.
You are completely attuned to the shadows.


Message History

Done exploring.
(D) Dungeon
Where to? (? - help)
There is an open door here.
You open the door.
There is an open door here.
There is an open door here.
There is a stone staircase leading down here.
You climb downwards.
There is a stone staircase leading up here.
A ball python is nearby!
A ball python is nearby!
The helpless ball python fails to defend itself.
You impale the ball python!!
You kill the ball python!
No target in view!
A gnoll comes into view. It is wielding a +0 club.
Found a spear.
A gnoll is nearby!
A gnoll is nearby!
An orc priest comes into view. It is wielding a +0 whip.
The orc priest mumbles some strange prayers to Beogh against you.
Pain shoots through your body!
A gnoll comes into view. It is wielding a +0 spear.
A gnoll comes into view. It is wielding a +0 club.
Found 8 gold pieces.
The orc priest invokes the aid of Beogh against you.
Beogh smites you!
Ouch! That really hurt!
* * * LOW HITPOINT WARNING * * *
An orc wizard comes into view. It is wielding a +0 dagger.
The orc wizard shouts!
You hear a shout! x2
You are too injured to fight recklessly!
You are too injured to fight recklessly!
You hear a shout! x2; The gnoll shouts! x2
An orc comes into view. It is wielding a +0 short sword.
The orc priest mumbles some strange prayers to Beogh against you.
Pain shoots through your body!
Ouch! That really hurt!
You die...

############
#..........#
##.########.#
#####...#######.####
.........##.........
....<....##.##..####
######.#.# ##..####
#.#.# .....@..#
#.#.# .##..##g#
#.#.. ..oo.g...$#
##o)##g##.# ... #.#
# #.#


You could see an orc priest, an orc wizard, a gnoll and an orc.

Vanquished Creatures
  2 bats (D:1)
  3 endoplasms (D:1)
  A giant cockroach (D:1)
  A goblin (D:1)
  3 hobgoblins (D:1)
  A quokka (D:1)
  3 ball pythons
  A frilled lizard (D:1)
  3 kobolds (D:1)
18 creatures vanquished.

Notes
Turn   | Place    | Note
-------+----------+-------------------------------------------
     0 | D:1      | lessens the Kobold Artificer began the quest for the Orb.
     0 | D:1      | Reached XP level 1. HP: 12/12 MP: 1/1
   126 | D:1      | Reached skill level 1 in Short Blades
   387 | D:1      | Reached XP level 2. HP: 13/16 MP: 2/2
   774 | D:1      | Found a faded altar of an unknown god.
   984 | D:1      | Reached XP level 3. HP: 20/20 MP: 3/3
  1196 | D:2      | Killed from afar by an orc priest

Illustrated notes

Levels and vault maps discovered:
D:1:      heliophobic_arrival_battle_scene, layout_loops_corners,
          hellmonk_ecumenical_altar_crossroads
D:2:      layout_loops_ring, basic_altar

Skill      XL: |  1  2 |
---------------+-------+-----
Short Blades   | 2 3 |  3.2
Fighting       | |  1.1
Armour         | |  0.7
Dodging        | |  2.4
Stealth        | |  1.3
Evocations     | |  3.6

Action                     || total
---------------------------++-------
  Melee: Dagger            ||    50
         Club              ||    16
         Punch             ||     1
   Stab: Sleeping          ||     9
 Armour: Leather armour    ||    14
  Dodge: Dodged            ||    38

Table legend: (Time is in decaauts)
 A = Elapsed time spent in this place.
 B = Non-inter-level travel time spent in this place.
 C = Inter-level travel time spent in this place.
 D = Time resting spent in this place.
 E = Time spent auto-exploring this place.
 F = Levels seen in this place.
 G = Mean time per level.
                   A        B        C        D        E       F      G
               +--------+--------+--------+--------+--------+-----+--------+
         Total |   1194 |   1130 |     64 |      0 |    972 |   2 |  597.0 |
       Dungeon |   1194 |   1130 |     64 |      0 |    972 |   2 |  597.0 |
               +--------+--------+--------+--------+--------+-----+--------+

Top non-repeatable levels by time:
     D:1: 1167 daAuts
     D:2: 26 daAuts
